 Dungeon Crawl Stone Soup version 0.27.1-2-g3b301248ec (webtiles) character file.

Game seed: 14346261845823629440

3089530 Elvor the Conqueror (level 27, 218/218 HPs)
             Began as a Gargoyle Delver on Sept 24, 2021.
             Was a High Priest of Okawaru.
             Escaped with the Orb
             ... and 5 runes on Sept 29, 2021!
             The game lasted 13:34:15 (75269 turns).

Elvor the Conqueror (Gargoyle Delver)              Turns: 75269, Time: 13:34:16

Health: 218/218    AC: 48    Str: 44    XL:     27
Magic:  48/48      EV: 18    Int: 22    God:    Okawaru [*****.]
Gold:   6029       SH: 30    Dex: 15    Spells: 14/50 levels left

rFire    + . .     SeeInvis +   O - +9 demon whip (vamp)
rCold    . . .     Faith    .   C - +5 kite shield {reflect}
rNeg     + . .     Spirit   .   n - +9 ring mail "Wumpo" {+Blink rC+ Will+ Stlth+}
rPois    ∞         Reflect  +   Z - +0 helmet of Amorality {rElec rCorr Str+3 Int+4}
rElec    +         Harm     .   i - +2 cloak {Stlth+}
rCorr    +         Rampage  +   B - +2 pair of gloves {Str+3}
Will     +++..                  L - +0 pair of boots "Fammenky" {Str+3 Int+2}
Stlth    ++........             k - amulet "Leapy" {Reflect Rampage rCorr Str+4 SH+5}
HPRegen  1.46/turn              S - ring "Hilishr Fuci" {Fire Str+5 Int+2 Dex+4}
MPRegen  0.31/turn              x - ring "Debaso" {MP+9 SInv}

@: flying, studying 5 skills
A: sickness immunity, AC +20, big wings, negative energy resistance 1,
electricity resistance, torment resistance 1, petrification resistance, fangs 1,
see invisible, mutation resistance 2, regeneration 1, robust 1
0: Orb of Zot
}: 5/15 runes: serpentine, barnacled, slimy, silver, abyssal
a: Renounce Religion, Evoke Blink, Heroism, Finesse


You escaped.
You worshipped Okawaru.
Okawaru was extremely pleased with you.
You visited 11 branches of the dungeon, and saw 55 of its levels.
You visited the Abyss 1 time.
You also visited: Bailey and Ice Cave.

You collected 9593 gold pieces.
You spent 3564 gold pieces at shops.

Inventory:

Hand Weapons
 h - a +1 eveningstar of holy wrath
 s - the +10 fustibalus "Bajas" {freeze, *Corrode rElec rPois rC+}
   (Okawaru gifted it to you on level 3 of the Snake Pit)

   Any ammunition fired from it freezes those it strikes, dealing additional
   cold damage.
   It can also slow down cold-blooded creatures.
   rC:        It protects you from cold.
   rElec:     It insulates you from electricity.
   rPois:     It protects you from poison.
   *Corrode:  It may corrode you when you take damage.
 O - a +9 vampiric demon whip (weapon)
Missiles
 a - 7 javelins
 l - 725 sling bullets
 q - 8 curare-tipped darts (quivered)
 R - 8 boomerangs
 W - 5 silver boomerangs
Armour
 i - a +2 cloak of stealth (worn)
 n - the +9 ring mail "Wumpo" (worn) {+Blink rC+ Will+ Stlth+}
   (You took it off a deep elf high priest on level 5 of the Vaults)

   rC:        It protects you from cold.
   +Blink:    It lets you blink.
   Will:      It increases your willpower.
   Stlth:     It makes you more stealthy.
 B - a +2 pair of gloves of strength (worn)
 C - a +5 kite shield of reflection (worn)
 L - the +0 pair of boots "Fammenky" (worn) {Str+3 Int+2}
   (Okawaru gifted it to you on level 2 of the Snake Pit)

   Str:       It affects your strength (+3).
   Int:       It affects your intelligence (+2).
 Z - the +0 helmet of Amorality (worn) {rElec rCorr Str+3 Int+4}
   (Okawaru gifted it to you on level 6 of the Lair of Beasts)

   Str:       It affects your strength (+3).
   Int:       It affects your intelligence (+4).
   rElec:     It insulates you from electricity.
   rCorr:     It protects you from acid and corrosion.
Jewellery
 k - the amulet "Leapy" (around neck) {Reflect Rampage rCorr Str+4 SH+5}
   (You found it on level 1 of the Vaults)

   [amulet of reflection]

   It reflects blocked missile attacks.
   Str:       It affects your strength (+4).
   rCorr:     It protects you from acid and corrosion.
   SH:        It affects your SH (+5).
   Rampage:   It bestows one free step when moving towards enemies.
 x - the ring "Debaso" (right hand) {MP+9 SInv}
   (You found it on level 5 of the Vaults)

   [ring of magical power]

   MP:        It affects your magic capacity (+9).
   SInv:      It lets you see invisible.
 A - the ring of Vozuafy {rCorr AC+4 Int+4}
   (You acquired it on level 11 of the Dungeon)

   [ring of protection]

   AC:        It affects your AC (+4).
   Int:       It affects your intelligence (+4).
   rCorr:     It protects you from acid and corrosion.
 Q - the ring "Xetzaiv" {rN+ Int+6 Dex+2}
   (You found it on level 5 of the Pits of Slime)

   [ring of intelligence]

   Int:       It affects your intelligence (+6).
   Dex:       It affects your dexterity (+2).
   rN:        It protects you from negative energy.
 S - the ring "Hilishr Fuci" (left hand) {Fire Str+5 Int+2 Dex+4}
   (You bought it in a shop on level 2 of the Vaults)

   [ring of fire]

   It enhances your fire magic.
   Str:       It affects your strength (+5).
   Int:       It affects your intelligence (+2).
   Dex:       It affects your dexterity (+4).
   rF:        It protects you from fire.
   rC:        It makes you vulnerable to cold.
 Y - the ring of Ito Akhlu {Str+6 Int+6 Dex-5}
   (You found it on level 5 of the Pits of Slime)

   [ring of strength]

   Str:       It affects your strength (+6).
   Int:       It affects your intelligence (+6).
   Dex:       It affects your dexterity (-5).
Wands
 g - a wand of digging (33)
 p - a wand of charming (17)
 u - a wand of polymorph (36)
 M - a wand of acid (30)
 N - a wand of iceblast (21)
 T - a wand of paralysis (70)
 U - a wand of mindburst (30)
Scrolls
 b - 26 scrolls of teleportation
 c - 3 scrolls of fog
 d - 2 scrolls of magic mapping
 e - 10 scrolls of fear
 o - 3 scrolls of blinking
 r - 4 scrolls of silence
 y - 6 scrolls of summoning
 E - 2 scrolls of torment
 H - 3 scrolls of holy word
 I - 6 scrolls of immolation
 V - 7 scrolls of vulnerability
Potions
 f - 4 potions of haste
 j - 9 potions of might
 m - 4 potions of resistance
 t - a potion of berserk rage
 v - 21 potions of curing
 w - 8 potions of cancellation
 z - 2 potions of invisibility
 D - 5 potions of brilliance
 F - 14 potions of lignification
 G - 2 potions of ambrosia
 K - a potion of mutation
 P - 10 potions of heal wounds
Miscellaneous
 J - a condenser vane
 X - a tin of tremorstones (2/2)


   Skills:
 O Level 27 Fighting
 + Level 18.4 Maces & Flails
 + Level 18.2(18.7) Slings
 + Level 7.7(14.1) Throwing
 + Level 13.2 Armour
 + Level 12.1 Dodging
 + Level 10.5 Stealth
 + Level 24.4 Shields
 + Level 12.0 Spellcasting
 + Level 7.2 Conjurations
 + Level 11.6 Translocations
 + Level 1.1 Transmutations
 + Level 14.0 Earth Magic
 + Level 11.8 Invocations
 + Level 5.5 Evocations


You had 14 spell levels left.
You knew the following spells:

 Your Spells              Type           Power      Damage    Failure   Level
a - Blink                 Tloc           N/A        N/A       1%          2
b - Stone Arrow           Conj/Erth      100%       3d13      1%          3
c - Apportation           Tloc           100%       N/A       1%          1
d - Passwall              Tmut/Erth      38%        N/A       1%          2
e - Swiftness             Air            13%        N/A       17%         3
f - Sandblast             Erth           100%       2d20      1%          1
g - Lee's Rapid Deconstr  Erth           33%        3d18*     1%          5
h - Iron Shot             Conj/Erth      28%        9d6       11%         6
i - Petrify               Tmut/Erth      46%        N/A       2%          4
j - Shatter               Erth           33%        3d27*     100%        9

Your spell library contained the following spells:

 Spells                   Type           Power      Damage    Failure   Level
 Foxfire                  Conj/Fire      100%       2x1d9     1%          1
 Magic Dart               Conj           100%       1d8       1%          1
 Static Discharge         Conj/Air       29%        N/A       1%          2
 Gell's Gravitas          Tloc           29%        N/A       1%          3
 Lesser Beckoning         Tloc           29%        N/A       1%          3
 Portal Projectile        Hex/Tloc       76%        N/A       1%          3
 Teleport Other           Tloc           59%        N/A       1%          3
 Manifold Assault         Tloc           59%        N/A       1%          5
 Beastly Appendage        Tmut           36%        N/A       3%          1
 Animate Armour           Summ/Erth      88%        N/A       3%          4
 Leda's Liquefaction      Hex/Erth       22%        N/A       3%          4
 Conjure Flame            Conj/Fire      43%        6-21      4%          3
 Wereblood                Tmut           18%        N/A       5%          2
 Animate Skeleton         Necr           26%        N/A       6%          1
 Corona                   Hex            14%        N/A       6%          1
 Summon Small Mammal      Summ           52%        N/A       6%          1
 Mephitic Cloud           Conj/Pois/Air  23%        N/A       6%          3
 Call Imp                 Summ           13%        N/A       9%          2
 Corpse Rot               Necr/Air       N/A        N/A       9%          2
 Ensorcelled Hibernation  Hex/Ice        26%        N/A       9%          2
 Slow                     Hex            13%        N/A       9%          2
 Borgnjor's Vile Clutch   Necr/Erth      22%        N/A       9%          5
 Sticky Flame             Conj/Fire      43%        2d6       13%         4
 Spider Form              Tmut/Pois      7%         N/A       14%         3
 Ignite Poison            Fire/Tmut/Pois 22%        N/A       16%         3
 Call Canine Familiar     Summ           13%        N/A       17%         3
 Confusing Touch          Hex            13%        N/A       17%         3
 Frozen Ramparts          Ice            26%        1d4       17%         3
 Inner Flame              Hex/Fire       19%        N/A       17%         3
 Ozocubu's Armour         Ice            13%        N/A       17%         3
 Tukima's Dance           Hex            13%        N/A       17%         3
 Irradiate                Conj/Tmut      15%        3d18      28%         5
 Fireball                 Conj/Fire      21%        3d10      36%         5
 Ice Form                 Ice/Tmut       15%        N/A       43%         4
 Airstrike                Air            6%         N/A       50%         4
 Animate Dead             Necr           6%         N/A       50%         4
 Cause Fear               Hex            6%         N/A       50%         4
 Dispel Undead            Necr           13%        3d9       50%         4
 Summon Ice Beast         Ice/Summ       13%        N/A       50%         4
 Freezing Cloud           Conj/Ice/Air   11%        6-21      52%         5
 Blade Hands              Tmut           9%         N/A       71%         5
 Alistair's Intoxication  Tmut/Pois      10%        N/A       78%         5
 Yara's Violent Unravell  Hex/Tmut       7%         3d5       78%         5
 Metabolic Englaciation   Hex/Ice        6%         N/A       85%         5
 Summon Mana Viper        Hex/Summ       13%        N/A       85%         5
 Starburst                Conj/Fire      21%        6d7       90%         6
 Malign Gateway           Summ/Tloc      19%        N/A       99%         7
 Lehudib's Crystal Spear  Conj/Erth      28%        10d7      99%         8
 Death Channel            Necr           6%         N/A       100%        6
 Invisibility             Hex            6%         N/A       100%        6
 Simulacrum               Ice/Necr       6%         N/A       100%        6
 Dragon Form              Tmut           9%         N/A       100%        7
 Monstrous Menagerie      Summ           6%         N/A       100%        7
 Spellforged Servitor     Conj/Summ      14%        N/A       100%        7
 Storm Form               Tmut/Air       7%         N/A       100%        7
 Borgnjor's Revivificati  Necr           6%         N/A       100%        8
 Ignition                 Fire           9%         3d5       100%        8
 Necromutation            Tmut/Necr      7%         N/A       100%        8
 Summon Horrible Things   Summ           6%         N/A       100%        8
 Death's Door             Necr           6%         N/A       100%        9
 Dragon's Call            Summ           6%         N/A       100%        9
 Polar Vortex             Ice            6%         N/A       100%        9
 Statue Form              Tmut/Erth      Unusable   N/A       N/A         6

Dungeon Overview and Level Annotations

Branches:
Dungeon (15/15)            Temple (1/1) D:6            Lair (6/6) D:11
 Shoals (4/4) Lair:2        Snake (4/4) Lair:3        Slime (5/5) Lair:5
    Orc (2/2) D:9             Elf (3/3) Orc:2        Vaults (5/5) D:13
  Crypt (0/3) Vaults:2     Depths (5/5) D:15            Zot (5/5) Depths:5
 Bailey (visited)           IceCv (visited)

Altars:
Ashenzari
Cheibriados
Dithmenos
Elyvilon
Fedhas
Gozag
Hepliaklqana
Kikubaaqudgha
Makhleb
Nemelex Xobeh
Okawaru
Qazlal
Ru
Sif Muna
Trog
Uskayaw
Vehumet
Wu Jian
Xom
Yredelemnul
Zin
The Shining One
Jiyva
Lugonu

Shops:
D:7 *   Orc:2 ((?:   Shoals:1 !   Vaults:2 (=[**   Vaults:3 [   Vaults:4 ?
Vaults:5 :=!   Depths:1 ?*

Portals:
Hell: Depths:1 Depths:2 Depths:3 Depths:4 Depths:5
Abyss: D:11 Depths:4
Pandemonium: Depths:1 Depths:3
Ziggurat: Depths:4


Innate Abilities, Weirdness & Mutations

You are immune to sickness and miasma.
Your stone body is resilient. (AC +20)
You are immune to poison.
Your large and strong wings let you fly.
You resist negative energy. (rN+)
You are resistant to electric shocks. (rElec)
You are resistant to unholy torment.
You are immune to petrification.
You have very sharp teeth.
You have supernaturally acute eyesight. (SInv)
You are somewhat resistant to both further mutation and mutation removal.
Your natural rate of healing is unusually fast.
You are robust. (+10% HP)


Message History

The bolt of energy misses you.
You barely miss the cacodemon. You bite the cacodemon!
The cacodemon is lightly wounded.
You block the cacodemon's attack. x2
You whack the cacodemon! Your bite misses the cacodemon.
The cacodemon is moderately wounded.
You barely miss the cacodemon.
The cacodemon is moderately wounded.
You whack the cacodemon!
The cacodemon is moderately wounded.
You punish the cacodemon, causing immense pain!!!!
You kill the cacodemon!
Okawaru accepts your kill.
You thrash the sixfirhy!! You bite the sixfirhy.
You kill the sixfirhy!
Okawaru accepts your kill.
There is a stone staircase leading up here.
You fly upwards.
There is a stone staircase leading down here.
Magic restored.
A red devil comes into view. It is wielding a +0 trident.
Your hands slow down.
There is a stone staircase leading up here.
You fly upwards.
There is a stone staircase leading down here.
There is a stone staircase leading up here.
You fly upwards.
You feel like a meek peon again.
There is a stone staircase leading down here.
You see here a +0 club.
Things that are here:
a +0 dagger; a +0 whip
There is an open door here.
There is an open door here.
There is an open door here.
There is a staircase leading out of the dungeon here.
Casting: Iron Shot (dangerous; 11% risk of failure)
Confirm with . or Enter, or press ? or * to list all spells.
Okay, then.
You have escaped!

..........#...#≈.≈#§≈≈#.#
#...#...#.#...#≈.≈#≈≈.#.#
....#..[#.#...#≈.≈#≈..#.# #####
###.#...#.#...#...#...#.# #....
....#...'.#...........#.# #.##.
#####...###...........#.# #.##.
........# #...........#.# #.##.
#####...# #...........#.# #.##.
#...# #.....@.....#.# #.##. #...#
#...........#.# #.#.. ##'##
#############.#####.#.# #.#
##......#...........#.# #.#
#.......#.###>#######.# #.#
#..######.....#.......#
######.####..####################
........................#
######.####..##########.#


There were no monsters in sight!

Vanquished Creatures
  the Royal Jelly (Slime:5)
  Dissolution (Slime:5)
  A seraph (Zot:5)
  7 dread liches
  4 ancient liches
  4 orbs of fire
  Frederick (Depths:5)
  Bai Suzhen (Vaults:3)
  Vashnia (Snake:2)
  A pandemonium lord (D:9)
  8 Killer Klowns
  5 golden dragons
  Nikola (Snake:1)
  The ghost of makewrite the Slayer, an adept MiBe of Trog (Shoals:1)
  3 electric golems
  A Tzitzimitl (Depths:3)
  3 hellephants (Depths:3)
  13 tentacled monstrosities
  7 liches
  25 Orb Guardians
  10 titans
  Jorgrun (D:12)
  11 quicksilver dragons
  2 deep elf master archers (Elf:3)
  3 deep elf blademasters
  10 sphinxes
  A kraken (Shoals:2)
  16 acid blobs
  Gastronok (D:9)
  11 death cobs
  20 storm dragons
  Kirke (Snake:2)
  The ghost of Nr616 the Severer, an adept MiBe of Trog (Shoals:2)
  7 draconian monks
  Agnes (D:14)
  8 tengu reavers
  11 shadow dragons
  Ilsuiw (Shoals:2)
  3 nagarajas (Snake:4)
  8 rockslimes
  8 frost giants
  2 iron dragons
  9 azure jellies
  9 deep elf sorcerers
  2 ghost moths
  A cacodemon (D:4)
  2 balrugs
  7 draconian knights
  9 fire giants
  7 draconian scorchers
  6 draconian shifters
  16 vault wardens
  A curse skull (Zot:4)
  2 orc warlords
  5 draconian stormcallers
  3 deep elf elementalists
  An angel (Depths:4)
  13 ironbound preservers
  Aizul (Snake:2)
  8 draconian annihilators
  A reaper (Depths:2)
  22 very ugly things
  4 war gargoyles
  18 quicksilver oozes
  3 vampire knights
  21 stone giants
  A spriggan defender (Depths:1)
  12 green draconians
  6 deep elf demonologists
  18 black draconians
  10 deep elf annihilators
  9 red draconians
  7 dire elephants
  17 yellow draconians
  An entropy weaver (shapeshifter) (Vaults:3)
  The ghost of NineInchNils the Grappler, a journeyman TrMo (D:11)
  11 white draconians
  A purple draconian (shapeshifter) (Zot:4)
  10 purple draconians
  3 minotaurs (Shoals:4)
  2 crystal guardians (Zot:4)
  7 merfolk javelineers
  4 blizzard demons
  3 deep elf death magi (Elf:3)
  11 fire dragons
  3 merfolk impalers
  6 ettins
  11 deep elf high priests
  16 yaktaur captains
  34 vault guards
  9 great orbs of eyes
  3 boulder beetles
  19 hydras
  Erolcha (D:9)
  Harold (Lair:1)
  7 ironbound thunderhulks
  7 rakshasas
  14 naga warriors
  4 catoblepae
  7 ice dragons
  A salamander tyrant (Snake:4)
  Erica (D:9)
  2 peacekeepers
  7 spriggan air magi
  12 ironbound frosthearts
  6 ogre magi
  2 merfolk aquamancers (Shoals:2)
  An alligator (Shoals:3)
  A death knight (Zot:4)
  5 merfolk avatars (Shoals:2)
  15 centaur warriors
  8 alligator snapping turtles
  4 anacondas
  3 two-headed ogres
  11 satyrs (Shoals:4)
  26 dancing weapons
  15 deep troll earth magi
  21 tengu warriors
  7 deep troll shamans
  7 shock serpents
  14 spriggan berserkers
  14 hell hogs
  A vampire mage (Depths:4)
  4 death yaks (Lair:6)
  9 ironbound beastmasters
  3 thrashing horrors
  4 orc high priests (Orc:2)
  12 naga sharpshooters
  5 hell knights
  3 sun demons (Depths:2)
  4 soul eaters
  Sonja (Orc:1)
  3 shadow wraiths (Depths:2)
  15 deep elf knights
  4 sixfirhies
  2 salamander mystics
  3 skeletal warriors
  A cherub (Zot:5)
  15 iron trolls
  3 flayed ghosts
  7 sea snakes
  2 starcursed masses (Abyss:2)
  5 naga ritualists
  2 quicksilver dragon simulacra (Depths:2)
  An infernal demonspawn (Depths:1)
  50 deep trolls
  A bog body (IceCv)
  7 glowing orange brains
  6 lindwurms
  4 phantasmal warriors
  A tengu zombie (Depths:1)
  15 wizards
  2 obsidian statues
  An orb spider (Zot:4)
  10 orc knights
  22 ironbound convokers
  31 deep elf pyromancers
  8 deep elf archers
  8 necromancers
  A frost giant zombie (Vaults:4)
  31 deep elf zephyrmancers
  22 harpies
  11 fauns
  53 ugly things
  9 mana vipers
  8 orc sorcerers
  15 manticores
  An iron dragon zombie (Depths:1)
  3 shining eyes
  8 cyclopes
  A salamander (shapeshifter) (D:14)
  17 elephants
  36 moths of wrath
  A frost giant skeleton (D:15)
  A fire giant zombie (Vaults:1)
  17 salamanders
  40 black mambas
  A toenail golem (D:11)
  8 merfolk sirens
  2 smoke demons
  4 ice statues
  10 water nymphs
  11 guardian serpents
  20 naga magi
  15 vault sentinels
  A rust devil (Depths:1)
  2 eyes of devastation
  Maggie (D:8)
  3 unseen horrors
  15 cane toads
  A gargoyle (D:11)
  An elf skeleton (Vaults:1)
  7 ice devils
  3 anaconda simulacra (IceCv)
  11 rime drakes
  4 kobold demonologists (D:13)
  14 entropy weaver simulacra (IceCv)
  8 freezing wraiths
  45 yaktaurs
  A yaktaur (shapeshifter) (Elf:2)
  A golden dragon simulacrum (IceCv)
  13 komodo dragons
  6 tengu conjurers
  A guardian mummy (D:15)
  2 spriggan skeletons (D:15)
  7 polar bears
  2 hellwings
  5 harpy zombies (Zot:4)
  A queen bee (Lair:1)
  24 merfolk
  A red devil (Depths:1)
  3 trolls
  5 wind drakes
  25 blink frogs
  Prince Ribbit (D:9)
  2 wind drakes (shapeshifter)
  10 hornets
  5 raiju (Zot:4)
  66 slime creatures
  7 snapping turtles
  A spriggan zombie (D:15)
  7 dream sheep
  Sigmund (D:3)
  2 vampires
  3 air elementals
  2 elf simulacra
  2 shadows
  14 spriggans
  7 spriggan simulacra (IceCv)
  9 water elementals
  2 wraiths (D:13)
  A dire elephant simulacrum (IceCv)
  8 fire bats
  3 golden eyes
  29 yaks
  8 chaos spawn
  11 wyverns
  A human (D:13)
  8 basilisks
  2 fire elementals
  3 minotaur simulacra (IceCv)
  4 steam dragons
  8 vampire mosquitoes
  A yaktaur simulacrum (Vaults:1)
  A hog (Snake:2)
  3 small abominations
  3 wargs
  49 nagas
  A hell hound (D:15)
  A hydra simulacrum (IceCv)
  2 acid dragons
  11 water moccasins
  A floating eye (Depths:4)
  29 orc warriors
  6 black bears
  An ice beast (D:5)
  A hornet zombie (D:9)
  4 sky beasts
  An ogre skeleton (Vaults:4)
  An alligator simulacrum (IceCv)
  9 ogres
  7 boggarts
  3 ettin simulacra
  A necrophage (D:6)
  A tengu (D:10)
  31 wolves
  7 centaurs
  2 phantoms
  3 kobold brigands
  2 gnoll sergeants
  11 bullfrogs
  A wyvern zombie (D:6)
  A glowing shapeshifter simulacrum (Depths:1)
  A scorpion (D:6)
  7 deep troll simulacra (IceCv)
  A hornet simulacrum (D:14)
  A water moccasin skeleton (D:5)
  32 killer bees
  4 wights (D:6)
  6 electric eels
  8 howler monkeys
  A crimson imp (D:8)
  A bullfrog zombie (D:6)
  4 centaur zombies
  3 jellies
  2 centaur skeletons
  A gnoll shaman (D:3)
  2 hounds
  11 orc priests
  Jessica (D:2)
  2 iguanas
  Ijyb (D:3)
  Natasha (thrice) (D:3)
  17 orc wizards
  15 hell rats
  2 hound skeletons (D:4)
  A howler monkey zombie (D:9)
  A howler monkey skeleton (D:4)
  11 gnolls
  7 adders
  A white imp (D:6)
  2 dart slugs
  57 orcs
  5 ball pythons
  4 endoplasms
  4 giant cockroaches
  16 goblins
  15 hobgoblins
  26 kobolds
  2 quokkas
  3 bats
  5 frilled lizards
  2 rats (D:1)
  A spectral hobgoblin (D:11)
  A plant (Depths:1)
  4 tentacles (Shoals:2)
2406 creatures vanquished.

Vanquished Creatures (collateral kills)
  A yak (D:11)
  An orc warrior (D:9)
  A black bear (D:11)
  An orc (D:9)
4 creatures vanquished.

Vanquished Creatures (others)
  A draconian knight (Zot:3)
  A vampire knight (Depths:5)
  A vampire mage (D:15)
  A deep elf knight (Elf:2)
  A naga ritualist (Snake:4)
  A deep elf pyromancer (Elf:3)
  A manticore (Shoals:2)
  An elephant (Lair:3)
  A troll (D:13)
  A yak (Lair:3)
  An orc warrior (D:9)
  A vampire mosquito (D:11)
  A warg (D:9)
  An ettin simulacrum (Depths:2)
  9 demonic plants (D:13)
  58 fungi
  64 plants
  11 tentacles (Shoals:2)
  3 withered plants (D:15)
159 creatures vanquished.

Grand Total: 2569 creatures vanquished

Notes
Turn   | Place    | Note
-------+----------+-------------------------------------------
     0 | D:5      | Elvor the Gargoyle Delver began the quest for the Orb.
     0 | D:5      | Reached XP level 1. HP: 14/14 MP: 1/1
     7 | D:5      | Noticed a howler monkey
    10 | D:5      | Noticed a black bear
    33 | D:5      | Noticed an ogre
    65 | D:5      | Reached XP level 2. HP: 15/19 MP: 2/2
   122 | D:4      | Reached XP level 3. HP: 6/23 MP: 3/3
   365 | D:5      | Reached XP level 4. HP: 18/29 MP: 4/4
   389 | D:5      | Noticed a black bear
   417 | D:4      | Reached skill level 1 in Armour
   433 | D:4      | Noticed an ogre
   622 | D:4      | Identified the +9 hunting sling "Testudine's Regret"
                  | {vorpal, rPois rCorr Str+2}
   762 | D:3      | Reached XP level 5. HP: 29/33 MP: 5/5
   850 | D:3      | Found a glowing silver altar of Zin.
   964 | D:3      | Noticed Ijyb
   966 | D:3      | Killed Ijyb
  1140 | D:3      | Noticed Natasha
  1141 | D:3      | Killed Natasha
  1428 | D:4      | Reached skill level 4 in Fighting
  1428 | D:4      | Reached XP level 6. HP: 38/38 MP: 6/6
  1443 | D:4      | Reached skill level 1 in Slings
  1567 | D:3      | Noticed Sigmund
  2035 | D:4      | Reached XP level 7. HP: 44/44 MP: 7/7
  2516 | D:5      | Reached XP level 8. HP: 48/48 MP: 8/8
  2525 | D:5      | Reached skill level 5 in Fighting
  2525 | D:5      | Reached skill level 5 in Slings
  2569 | D:5      | Noticed a wyvern
  2574 | D:5      | Killed a wyvern
  2870 | D:6      | Reached skill level 1 in Shields
  2933 | D:6      | Found a staircase to the Ecumenical Temple.
  2977 | Temple   | Entered the Ecumenical Temple
  2981 | Temple   | Became a worshipper of Warmaster Okawaru
  3158 | D:3      | Noticed Natasha
  3160 | D:3      | Killed Natasha
  3381 | D:3      | Killed Sigmund
  3382 | D:3      | Reached XP level 9. HP: 55/55 MP: 9/9
  3545 | D:3      | Noticed Natasha
  3549 | D:3      | Killed Natasha
  3782 | D:2      | Found an iron altar of Okawaru.
  3962 | D:2      | Noticed Jessica
  3970 | D:2      | Killed Jessica
  4829 | D:1      | Found a faded altar of an unknown god.
  4935 | D:1      | Reached skill level 6 in Fighting
  5432 | D:6      | Reached * piety under Okawaru
  5858 | D:6      | Reached skill level 5 in Maces & Flails
  6210 | D:7      | Identified the +1 scale mail "Iviothrizo" {Str+4}
  6575 | D:7      | Found a basalt altar of Yredelemnul.
  6625 | D:7      | Reached ** piety under Okawaru
  6626 | D:7      | Reached skill level 1 in Throwing
  6680 | D:7      | Reached skill level 5 in Armour
  6707 | D:7      | Found Jiuwet's General Store.
  6712 | D:7      | Bought a scroll of identify for 28 gold pieces
  6712 | D:7      | Bought a scroll of magic mapping for 49 gold pieces
  6851 | D:8      | Noticed Maggie
  6879 | D:8      | Killed Maggie
  6880 | D:8      | Reached XP level 10. HP: 21/61 MP: 10/10
  7116 | D:8      | Found a stormy altar of Qazlal.
  7118 | D:8      | Found a bloodstained altar of Trog.
  7215 | D:8      | Found a radiant altar of Vehumet.
  7216 | D:8      | Found a burning altar of Makhleb.
  7328 | D:8      | Identified the +11 hand axe "Puaceutz" {protect, Fly Dex+2}
  7357 | D:8      | Reached *** piety under Okawaru
  7361 | D:8      | Noticed a two-headed ogre
  7370 | D:8      | Reached skill level 7 in Fighting
  7404 | D:8      | Killed a two-headed ogre
  7496 | D:8      | You fall into a shaft and drop 2 floors!
  7496 | D:10     | Entered Level 10 of the Dungeon
  7983 | D:9      | Noticed Prince Ribbit
  7995 | D:9      | Killed Prince Ribbit
  8053 | D:9      | Noticed Gastronok
  8075 | D:9      | Killed Gastronok
  8075 | D:9      | Reached **** piety under Okawaru
  8075 | D:9      | Received a gift from Okawaru
  8075 | D:9      | Received a gift from Okawaru
  8076 | D:9      | Reached skill level 5 in Shields
  8076 | D:9      | Reached XP level 11. HP: 62/67 MP: 11/11
  8228 | D:9      | Noticed Erica
  8237 | D:9      | Killed Erica
  8237 | D:9      | Received a gift from Okawaru
  8490 | D:9      | Noticed Erolcha
  8507 | D:9      | Killed Erolcha
  8507 | D:9      | Received a gift from Okawaru
  8662 | D:9      | Found a staircase to the Orcish Mines.
  9143 | D:10     | Received a gift from Okawaru
  9442 | D:10     | Received a gift from Okawaru
  9563 | D:10     | Reached skill level 1 in Evocations
  9665 | D:10     | Noticed a four-headed hydra
  9665 | D:10     | Noticed an ogre mage
  9940 | D:10     | Killed an ogre mage
  9940 | D:10     | Reached ***** piety under Okawaru
 10247 | D:10     | Received a gift from Okawaru
 10384 | D:10     | Killed a four-headed hydra
 10508 | D:11     | Noticed a sixfirhy
 10517 | D:11     | Noticed a rakshasa
 10523 | D:11     | Found a transporter.
 10525 | D:11     | Found a transporter.
 10551 | D:11     | Found a one-way gate to the infinite horrors of the Abyss.
 10551 | D:11     | Noticed NineInchNils's ghost (journeyman TrMo)
 10564 | D:11     | Noticed a thrashing horror
 10738 | D:11     | Reached XP level 12. HP: 68/73 MP: 12/12
 10805 | D:11     | Reached skill level 8 in Fighting
 10982 | D:11     | Found a hazy altar of Hepliaklqana.
 11864 | D:11     | Found a staircase to the Lair.
 11871 | D:11     | Identified the +1 demon whip "Atasid" {drain, *Corrode
                  | rElec Str+7} (Okawaru gifted it to you on level 11 of the
                  | Dungeon)
 11871 | D:11     | Received a gift from Okawaru
 12096 | D:11     | Killed a thrashing horror
 12118 | D:11     | Killed NineInchNils's ghost
 12119 | D:11     | Reached skill level 1 in Invocations
 12157 | D:11     | Killed a rakshasa
 12185 | D:11     | Learned a level 2 spell: Blink
 12329 | Lair:1   | Entered Level 1 of the Lair of Beasts
 12375 | Lair:1   | Noticed Harold
 12406 | D:11     | Reached skill level 5 in Throwing
 12445 | Lair:1   | Killed Harold
 12446 | Lair:1   | Reached skill level 5 in Dodging
 12817 | Lair:1   | Received a gift from Okawaru
 12901 | Lair:1   | Reached XP level 13. HP: 34/80 MP: 14/14
 13037 | Lair:1   | Received a gift from Okawaru
 13367 | Lair:2   | Reached skill level 9 in Fighting
 13484 | Lair:2   | Reached ****** piety under Okawaru
 13485 | Lair:2   | Reached skill level 10 in Shields
 13936 | Lair:2   | Found a staircase to the Shoals.
 14426 | Lair:3   | Received a gift from Okawaru
 14712 | Lair:3   | Reached skill level 10 in Maces & Flails
 15060 | Lair:3   | Found a staircase to the Snake Pit.
 15502 | Lair:4   | Found a shimmering altar of Xom.
 15527 | Lair:4   | Gained mutation: Your large and strong wings let you fly.
                  | [Gargoyle growth]
 15527 | Lair:4   | Reached XP level 14. HP: 87/87 MP: 15/15
 15539 | Lair:4   | Reached skill level 10 in Slings
 15618 | Lair:4   | Identified the +3 fustibalus of Heot {venom, rC+ rN++ Dex-5
                  | SInv}
 16012 | Lair:4   | Reached skill level 10 in Fighting
 16772 | Lair:5   | Received a gift from Okawaru
 17175 | Lair:5   | Received a gift from Okawaru
 17253 | Lair:5   | Found a viscous altar of Jiyva.
 17253 | Lair:5   | Found a staircase to the Slime Pits.
 17328 | Lair:5   | Received a gift from Okawaru
 17879 | Lair:6   | Entered Level 6 of the Lair of Beasts
 18192 | Lair:6   | Identified the +6 scale mail of the Living Jabberwock {rF-
                  | rC+ rN++ SInv}
 18491 | Lair:6   | Reached skill level 11 in Fighting
 18491 | Lair:6   | Reached XP level 15. HP: 50/94 MP: 13/16
 18643 | Lair:6   | Identified the +0 helmet of Amorality {rElec rCorr Str+3
                  | Int+4} (Okawaru gifted it to you on level 6 of the Lair of
                  | Beasts)
 18643 | Lair:6   | Received a gift from Okawaru
 19120 | Lair:6   | Learned a level 3 spell: Stone Arrow
 19473 | Orc:1    | Entered Level 1 of the Orcish Mines
 19473 | Orc:1    | Noticed Sonja
 19478 | Orc:1    | Killed Sonja
 19707 | Orc:2    | Entered Level 2 of the Orcish Mines
 19792 | Orc:2    | Noticed an orc warlord
 19811 | Orc:2    | Killed an orc warlord
 20279 | Orc:2    | Paralysed by an orc sorcerer for 3 turns
 20848 | Orc:2    | Found a staircase to the Elven Halls.
 21170 | Orc:2    | Found Tidan's Antique Weapon Shoppe.
 21170 | Orc:2    | Found Ashruunna's Antique Weapon Shoppe.
 21172 | Orc:2    | Found Leecieti's Book Shop.
 21172 | Orc:2    | Found Ileas's Magic Scroll Shop.
 21252 | Orc:2    | Bought a book of Cantrips for 192 gold pieces
 21254 | Orc:2    | Learned a level 1 spell: Apportation
 21546 | D:12     | Received a gift from Okawaru
 21689 | D:12     | Learned a level 2 spell: Passwall
 21693 | D:12     | Learned a level 3 spell: Swiftness
 22935 | D:12     | Noticed Jorgrun
 22951 | D:12     | Killed Jorgrun
 23130 | D:13     | Reached skill level 12 in Fighting
 23330 | D:13     | Received a gift from Okawaru
 23370 | D:13     | Reached XP level 16. HP: 61/101 MP: 17/17
 23903 | D:13     | Received a gift from Okawaru
 23944 | D:13     | Found a gate to the Vaults.
 24195 | D:13     | Found a corrupted altar of Lugonu.
 24494 | D:14     | Identified the +1 pair of boots of Eternity {Rampage rElec
                  | Dex-4} (Okawaru gifted it to you on level 14 of the
                  | Dungeon)
 24494 | D:14     | Received a gift from Okawaru
 24508 | D:14     | Found a flagged portal.
 24523 | Bailey   | Entered a bailey
 24591 | Bailey   | Found the +3 giant club "Skullcrusher" {speed, Str+7}
 25149 | Bailey   | Found an iron altar of Okawaru.
 25506 | D:14     | Noticed Agnes
 25554 | D:14     | Killed Agnes
 25966 | D:14     | Found a radiant altar of Vehumet.
 26063 | D:15     | Entered Level 15 of the Dungeon
 26124 | D:15     | Found a frozen archway.
 26151 | IceCv    | Entered an ice cave
 28120 | IceCv    | Reached skill level 10 in Armour
 28588 | D:15     | Identified the +3 morningstar of Xirpheucs {venom, rPois
                  | rC+++ Will+ Int-3} (Okawaru gifted it to you on level 15 of
                  | the Dungeon)
 28588 | D:15     | Received a gift from Okawaru
 28679 | D:15     | Reached skill level 13 in Fighting
 28898 | D:15     | Reached skill level 1 in Spellcasting
 28898 | D:15     | Reached XP level 17. HP: 87/108 MP: 1/19
 28911 | D:15     | Reached skill level 1 in Earth Magic
 28973 | D:15     | Found a staircase to the Depths.
 29734 | Snake:1  | Entered Level 1 of the Snake Pit
 30614 | Snake:2  | Noticed Nikola
 30617 | Snake:2  | Noticed Aizul
 30635 | Snake:1  | Killed Nikola
 30635 | Snake:1  | Received a gift from Okawaru
 31038 | Snake:2  | Killed Aizul
 31065 | Snake:2  | Received a gift from Okawaru
 31151 | Snake:2  | Noticed Kirke
 31172 | Snake:2  | Killed Kirke
 31196 | Snake:2  | Received a gift from Okawaru
 31295 | Snake:2  | Reached skill level 14 in Fighting
 31308 | Snake:2  | Identified the +0 pair of boots "Fammenky" {Str+3 Int+2}
                  | (Okawaru gifted it to you on level 2 of the Snake Pit)
 31308 | Snake:2  | Received a gift from Okawaru
 31610 | Snake:2  | Noticed Vashnia
 31679 | Snake:2  | Killed Vashnia
 31680 | Snake:2  | Reached skill level 1 in Translocations
 32287 | Snake:3  | Reached skill level 1 in Conjurations
 32497 | Snake:3  | Reached XP level 18. HP: 97/117 MP: 18/21
 32512 | Snake:3  | Reached skill level 15 in Shields
 32734 | Snake:3  | Found the +4 skin of Zhor {*Englaciate rC+++ SInv}
 32959 | Snake:3  | Identified the +10 fustibalus "Bajas" {freeze, *Corrode
                  | rElec rPois rC+} (Okawaru gifted it to you on level 3 of
                  | the Snake Pit)
 32959 | Snake:3  | Received a gift from Okawaru
 33094 | Snake:4  | Entered Level 4 of the Snake Pit
 33852 | Snake:4  | Received a gift from Okawaru
 33859 | Snake:4  | Reached skill level 15 in Fighting
 34261 | Snake:4  | Received a gift from Okawaru
 34408 | Snake:4  | Received a gift from Okawaru
 34492 | Snake:4  | Noticed a quicksilver dragon
 34492 | Snake:4  | Noticed a quicksilver dragon
 34501 | Snake:4  | Killed a quicksilver dragon
 34513 | Snake:4  | Killed a quicksilver dragon
 34527 | Snake:4  | Got a serpentine rune of Zot
 35230 | Shoals:1 | Entered Level 1 of the Shoals
 35275 | Shoals:1 | Found a runed translucent gate.
 35275 | Shoals:1 | Found a runed translucent gate.
 35275 | Shoals:1 | Found a runed translucent gate.
 35276 | Shoals:1 | Noticed makewrite's ghost (adept MiBe)
 35346 | Shoals:1 | Received a gift from Okawaru
 35690 | Shoals:1 | Found Medetz's Distillery.
 35770 | Shoals:1 | Identified the +2 helmet "Tareub" {Str+4}
 35942 | Shoals:1 | Killed makewrite's ghost
 35943 | Shoals:1 | Reached skill level 5 in Translocations
 36362 | Shoals:2 | Reached XP level 19. HP: 124/124 MP: 24/24
 36603 | Shoals:2 | Noticed Ilsuiw
 36643 | Shoals:2 | Killed Ilsuiw
 36770 | Shoals:2 | Found a runed translucent gate.
 36771 | Shoals:2 | Noticed Nr616's ghost (adept MiBe)
 36771 | Shoals:2 | Found a runed translucent gate.
 36772 | Shoals:2 | Found a runed translucent gate.
 37024 | Shoals:1 | Bought a potion of heal wounds for 70 gold pieces
 37024 | Shoals:1 | Bought 2 potions of heal wounds for 140 gold pieces
 37024 | Shoals:1 | Bought a potion of curing for 42 gold pieces
 37102 | Shoals:2 | Killed Nr616's ghost
 37103 | Shoals:2 | Reached skill level 5 in Invocations
 37302 | Shoals:3 | Reached skill level 16 in Fighting
 37491 | Shoals:3 | Received a gift from Okawaru
 38062 | Shoals:3 | Received a gift from Okawaru
 38112 | Shoals:3 | Got Fesk's Almanac of Heat
 38207 | Shoals:4 | Entered Level 4 of the Shoals
 38356 | Shoals:4 | Identified the +0 robe of Beajom {Harm Int+4 Dex+2}
 39213 | Shoals:4 | Reached XP level 20. HP: 121/132 MP: 26/26
 39218 | Shoals:4 | Received a gift from Okawaru
 39244 | Shoals:4 | Got a barnacled rune of Zot
 39258 | Shoals:4 | Identified the +1 chain mail "Eluhaderr" {Dex+2}
 40475 | Vaults:1 | Entered Level 1 of the Vaults
 40887 | Vaults:1 | Identified the amulet "Leapy" {Reflect Rampage rCorr Str+4
                  | SH+5}
 41084 | Vaults:1 | Reached skill level 17 in Fighting
 41531 | Vaults:1 | Cast into level 2 of the Abyss (a wizard)
 41750 | Abyss:3  | Received a gift from Okawaru
 41840 | Abyss:3  | Got an abyssal rune of Zot
 41867 | Abyss:3  | Identified the +7 dire flail of Impermanence {antimagic,
                  | rC- Int+3 Dex+6} (Okawaru gifted it to you on level 3 of
                  | the Abyss)
 41867 | Abyss:3  | Received a gift from Okawaru
 41872 | Vaults:1 | Escaped the Abyss
 42336 | Vaults:2 | Found Dosody's Antique Armour Shoppe.
 42348 | Vaults:2 | Bought a fine scale mail for 396 gold pieces
 42348 | Vaults:2 | Identified the +2 scale mail of Protective Custody {Rampage
                  | rN+ Dex+3} (You bought it in a shop on level 2 of the
                  | Vaults)
 42587 | Vaults:2 | Found Juatuj's General Store.
 42602 | Vaults:2 | Bought a book of Geomancy for 418 gold pieces
 42604 | Vaults:2 | Learned a level 1 spell: Sandblast
 42610 | Vaults:2 | Learned a level 5 spell: Lee's Rapid Deconstruction
 42674 | Vaults:2 | Reached XP level 21. HP: 140/140 MP: 17/28
 42725 | Vaults:2 | Received a gift from Okawaru
 42777 | Vaults:2 | Reached skill level 5 in Spellcasting
 42905 | Vaults:2 | Received a gift from Okawaru
 43143 | Vaults:2 | Found a staircase to the Crypt.
 43143 | Vaults:2 | Found an ancient bone altar of Kikubaaqudgha.
 43144 | Vaults:2 | Found a basalt altar of Yredelemnul.
 43283 | Vaults:2 | Found Bickin's Jewellery Emporium.
 43400 | Vaults:2 | Bought the ring "Hilishr Fuci" {Fire Str+5 Int+2 Dex+4} for
                  | 1102 gold pieces
 43447 | Vaults:2 | Found Diedut's Assorted Antiques.
 43456 | Vaults:2 | Bought a scroll of magic mapping for 91 gold pieces
 43591 | Vaults:2 | Found Kuti's Antique Weapon Shop.
 43660 | Vaults:2 | Identified the +5 quarterstaff of Gauhil {venom, *Slow
                  | +Blink rPois Will+++}
 43919 | Vaults:3 | Reached skill level 18 in Fighting
 44068 | Vaults:3 | Received a gift from Okawaru
 44141 | Vaults:3 | Received a gift from Okawaru
 44183 | Vaults:3 | Identified the +0 crystal plate armour of the Slightly Bent
                  | {Rampage Int-3 SInv} (Okawaru gifted it to you on level 3
                  | of the Vaults)
 44183 | Vaults:3 | Received a gift from Okawaru
 44565 | Vaults:3 | Found Nirghael's Armour Shoppe.
 44777 | Vaults:3 | Reached skill level 5 in Earth Magic
 45241 | Vaults:3 | Noticed Bai Suzhen
 45265 | Vaults:3 | Killed Bai Suzhen
 45266 | Vaults:3 | Reached XP level 22. HP: 130/148 MP: 9/30
 45884 | Vaults:4 | Received a gift from Okawaru
 46146 | Vaults:4 | Found Taegul's Magic Scroll Shop.
 46204 | Vaults:4 | Received a gift from Okawaru
 46349 | Vaults:4 | Received a gift from Okawaru
 46846 | Vaults:4 | Received a gift from Okawaru
 46931 | Vaults:4 | Paralysed by a sphinx for 3 turns
 46938 | Vaults:4 | Reached skill level 10 in Translocations
 46944 | Vaults:4 | Received a gift from Okawaru
 46973 | Vaults:4 | Reached skill level 19 in Fighting
 46988 | Vaults:4 | Identified the +6 halberd of Destruction {flame, rElec
                  | rPois Str+2}
 47169 | Vaults:5 | Entered Level 5 of the Vaults
 47173 | Vaults:5 | Received a gift from Okawaru
 47428 | Vaults:5 | Noticed a dread lich
 48251 | Elf:1    | Entered Level 1 of the Elven Halls
 48657 | Elf:1    | Found the +7 lajatang of Order {silver, rMut}
 49182 | Elf:2    | Reached XP level 23. HP: 122/155 MP: 27/33
 49277 | Elf:2    | Found a radiant altar of Vehumet.
 49903 | Elf:2    | Found a runed translucent gate.
 49921 | Elf:2    | Found a runed translucent gate.
 49923 | Elf:2    | Found a runed translucent gate.
 49973 | Elf:2    | Identified the +4 mace of Bodily Humours {drain, SInv}
 50624 | Elf:3    | Entered Level 3 of the Elven Halls
 50639 | Elf:3    | Paralysed by an air elemental for 1 turns
 50647 | Elf:2    | Paralysed by an air elemental for 1 turns
 50706 | Elf:3    | Received a gift from Okawaru
 51024 | Elf:3    | Received a gift from Okawaru
 51050 | Elf:3    | Paralysed by an air elemental for 1 turns
 51104 | Elf:3    | Paralysed by an air elemental for 1 turns
 51117 | Elf:3    | Reached skill level 20 in Fighting
 51190 | Elf:3    | Identified the +7 great mace of Wuem {vorpal, Drain +Blink
                  | rCorr Dex+4}
 51214 | Elf:3    | Identified the +7 war axe "Vabirgh" {drain, *Noise Dex+2
                  | Stlth+}
 51855 | Elf:3    | Learned a level 6 spell: Iron Shot
 52061 | Elf:3    | Identified the +4 whip of Yfurufu {antimagic, rN+ Str+5}
 52068 | Elf:3    | Got the Catalogue of Harmful Transmigration
 53072 | Depths:1 | Entered Level 1 of the Depths
 53169 | Depths:1 | Found Ypiosy's General Store.
 53169 | Depths:1 | Found Hukageno's Magic Scroll Shop.
 53183 | Depths:1 | Bought a scroll of blinking for 112 gold pieces
 53212 | Depths:1 | Found a corrupted altar of Lugonu.
 53557 | Depths:1 | Reached skill level 15 in Maces & Flails
 54197 | Depths:1 | Reached XP level 24. HP: 163/163 MP: 35/35
 54411 | Depths:1 | Found a gateway to Hell.
 54618 | Depths:1 | Found a one-way gate leading to the halls of Pandemonium.
 54882 | Depths:2 | Received a gift from Okawaru
 55320 | Depths:2 | Found an iron altar of Okawaru.
 55575 | Depths:2 | Found a burning altar of Makhleb.
 55587 | Depths:2 | Received a gift from Okawaru
 55611 | Depths:2 | Identified the +2 ring mail of Daimm {Regen+ Stlth+}
 55847 | Depths:1 | Acquired a +1 eveningstar of holy wrath
 55978 | Depths:2 | Reached skill level 15 in Slings
 56031 | Depths:2 | Found a basalt altar of Yredelemnul.
 56049 | Depths:2 | Identified the +1 scale mail "Azxisumi" {*Slow Str+6 SInv
                  | Stlth+}
 56350 | Depths:2 | Found a snail-covered altar of Cheibriados.
 56556 | Depths:2 | Reached skill level 21 in Fighting
 56922 | Depths:2 | Gained mutation: You tend to lose your temper in combat.
                  | [mutagenic glow]
 57721 | Depths:3 | Received a gift from Okawaru
 58138 | Depths:3 | Reached skill level 10 in Earth Magic
 58191 | Depths:3 | Reached XP level 25. HP: 171/171 MP: 35/35
 59382 | Depths:4 | Found a gateway to a ziggurat.
 60063 | Depths:4 | Received a gift from Okawaru
 60064 | Depths:4 | Reached skill level 22 in Fighting
 60183 | Depths:4 | Paralysed by a floating eye for 2 turns
 60232 | Depths:4 | Got the Collected Works on Earthen Transmigration
 60238 | Depths:4 | Learned a level 4 spell: Petrify
 60248 | Depths:4 | Learned a level 9 spell: Shatter
 60255 | Depths:4 | Got the Reference Book on the Arsonist and Envenoming
 60674 | Depths:5 | Entered Level 5 of the Depths
 60687 | Depths:5 | Noticed Frederick
 60699 | Depths:5 | Killed Frederick
 60705 | Depths:5 | Reached skill level 5 in Conjurations
 60778 | Depths:5 | Paralysed by a vampire knight for 7 turns
 60821 | Depths:5 | Identified the +13 crystal plate armour "Heetepa" {MP-9
                  | Dex+7} (Okawaru gifted it to you on level 5 of the Depths)
 60821 | Depths:5 | Received a gift from Okawaru
 60946 | Depths:5 | Reached skill level 5 in Evocations
 60951 | Depths:5 | Reached skill level 10 in Dodging
 61216 | Depths:5 | Reached XP level 26. HP: 160/180 MP: 28/36
 61685 | Depths:5 | Found a gate to the Realm of Zot.
 62113 | Depths:1 | Bought a scroll of holy word for 112 gold pieces
 62113 | Depths:1 | Bought a scroll of enchant armour for 112 gold pieces
 62113 | Depths:1 | Bought a scroll of brand weapon for 300 gold pieces
 62113 | Depths:1 | Bought a scroll of enchant armour for 112 gold pieces
 62580 | Vaults:4 | Killed a dread lich
 62750 | Vaults:5 | Identified the +9 ring mail "Wumpo" {+Blink rC+ Will+
                  | Stlth+}
 63143 | Vaults:4 | Received a gift from Okawaru
 63366 | Vaults:5 | Identified the +0 cloak "Redolu Qodd" {-Cast Harm *Corrode
                  | Dex+10} (Okawaru gifted it to you on level 5 of the Vaults)
 63366 | Vaults:5 | Received a gift from Okawaru
 63385 | Vaults:5 | Noticed a dread lich
 63394 | Vaults:5 | Killed a dread lich
 63395 | Vaults:5 | Reached skill level 23 in Fighting
 63917 | Vaults:5 | Found Suteed's Book Shoppe.
 63952 | Vaults:5 | Found Layneame's Jewellery Shoppe.
 63953 | Vaults:5 | Found Zoschifae's Distillery.
 63959 | Vaults:5 | Bought a potion of haste for 160 gold pieces
 63959 | Vaults:5 | Bought a potion of might for 64 gold pieces
 63959 | Vaults:5 | Bought a potion of might for 64 gold pieces
 63964 | Vaults:5 | Noticed an ancient lich
 63964 | Vaults:5 | Noticed an ancient lich
 63964 | Vaults:5 | Noticed a dread lich
 64048 | Vaults:4 | Paralysed by a dread lich for 3 turns
 64056 | Vaults:4 | Killed a dread lich
 64123 | Vaults:5 | Killed an ancient lich
 64142 | Vaults:5 | Reached XP level 27. HP: 185/188 MP: 36/36
 64250 | Vaults:5 | Killed an ancient lich
 64354 | Vaults:5 | Identified the ring "Debaso" {MP+9 SInv}
 64665 | Vaults:5 | Identified the ring "Borrai" {rC+ rN+ Str-2 Int+2 SInv}
 64689 | Vaults:5 | Got a silver rune of Zot
 64736 | Vaults:5 | Identified the +0 robe of the Harvest {Dex+4}
 65844 | Slime:1  | Entered Level 1 of the Pits of Slime
 66220 | Slime:3  | Reached skill level 10 in Spellcasting
 66419 | Slime:5  | Entered Level 5 of the Pits of Slime
 66443 | Slime:5  | Received a gift from Okawaru
 66504 | Slime:5  | Received a gift from Okawaru
 66598 | Slime:5  | Noticed Dissolution
 66611 | Slime:5  | Killed Dissolution
 66711 | Slime:5  | Reached skill level 24 in Fighting
 66784 | Slime:5  | Gained mutation: You are frail. (-10% HP) [a shining eye]
 66883 | Slime:5  | Noticed the Royal Jelly
 66926 | Slime:5  | Found a viscous altar of Jiyva.
 66972 | Slime:5  | Killed the Royal Jelly
 67235 | Slime:5  | Identified the ring "Xetzaiv" {rN+ Int+6 Dex+2}
 67240 | Slime:5  | Identified the ring of Ito Akhlu {Str+6 Int+6 Dex-5}
 67248 | Slime:5  | Identified the +0 ring mail of the Marlin {Str+3}
 67260 | Slime:5  | Got the Grimoire of Moulding
 67265 | Slime:5  | Identified the +6 kite shield of Jienitt {Harm rPois}
 67275 | Slime:5  | Identified the +11 lajatang of Anguish {elec, Contam Str+8
                  | Int+8}
 67277 | Slime:5  | Got a slimy rune of Zot
 67298 | Slime:5  | Got Hauc's Guide on Ashen Cold
 67329 | Slime:5  | Identified the ring "Utoem" {rCorr Str+3}
 67569 | D:11     | Acquired the ring of Vozuafy {rCorr AC+4 Int+4}
 67571 | D:11     | Acquired 517 gold pieces
 67741 | Zot:1    | Entered Level 1 of the Realm of Zot
 67770 | Zot:1    | Received a gift from Okawaru
 69481 | Zot:2    | Received a gift from Okawaru
 69535 | Zot:2    | Reached skill level 25 in Fighting
 69976 | Zot:2    | Found a burning altar of Makhleb.
 70092 | Zot:2    | Received a gift from Okawaru
 70350 | Zot:2    | Got Oxkas's Tome of Fire and Brimstone
 70359 | Zot:2    | Got the Compendium of the Zealot
 70681 | D:11     | Lost mutation: You tend to lose your temper in combat.
                  | [potion of mutation]
 70681 | D:11     | Lost mutation: You are frail. (-10% HP) [potion of
                  | mutation]
 70681 | D:11     | Gained mutation: You occasionally shout uncontrollably at
                  | your foes. [potion of mutation]
 70681 | D:11     | Gained mutation: You have very sharp teeth. [potion of
                  | mutation]
 71181 | Zot:3    | Received a gift from Okawaru
 71398 | Zot:3    | Received a gift from Okawaru
 71506 | Zot:3    | Received a gift from Okawaru
 71747 | Zot:4    | Noticed an orb of fire
 71772 | Zot:3    | Gained mutation: Your magical capacity is low. (-10% MP)
                  | [an orb of fire]
 71776 | Zot:3    | Gained mutation: Armour fits poorly on your strangely
                  | shaped body. [an orb of fire]
 71777 | Zot:3    | Killed an orb of fire
 72561 | Zot:4    | Received a gift from Okawaru
 72793 | Zot:4    | Received a gift from Okawaru
 72879 | Zot:4    | Found a shimmering blue altar of Sif Muna.
 72997 | Zot:4    | Received a gift from Okawaru
 73006 | Zot:4    | Reached skill level 26 in Fighting
 73153 | Zot:4    | Lost mutation: Armour fits poorly on your strangely shaped
                  | body. [potion of mutation]
 73153 | Zot:4    | Lost mutation: Your magical capacity is low. (-10% MP)
                  | [potion of mutation]
 73153 | Zot:4    | Gained mutation: Your muscles are strong. (Str +2) [potion
                  | of mutation]
 73154 | Zot:4    | Lost mutation: Your muscles are strong. (Str +2) [potion of
                  | mutation]
 73154 | Zot:4    | Gained mutation: Your movements are slightly less
                  | encumbered by armour. (ER -2) [potion of mutation]
 73154 | Zot:4    | Gained mutation: Your mind is acute. (Int +2) [potion of
                  | mutation]
 73155 | Zot:4    | Lost mutation: Your mind is acute. (Int +2) [potion of
                  | mutation]
 73155 | Zot:4    | Lost mutation: You occasionally shout uncontrollably at
                  | your foes. [potion of mutation]
 73155 | Zot:4    | Gained mutation: Your spells are a little harder to cast,
                  | but a little more powerful. [potion of mutation]
 73155 | Zot:4    | Gained mutation: Your body sometimes deteriorates upon
                  | taking damage. [potion of mutation]
 73155 | Zot:4    | Gained mutation: Your flesh is heat resistant. (rF+)
                  | [potion of mutation]
 73156 | Zot:4    | Lost mutation: Your spells are a little harder to cast, but
                  | a little more powerful. [potion of mutation]
 73156 | Zot:4    | Lost mutation: Your body sometimes deteriorates upon taking
                  | damage. [potion of mutation]
 73156 | Zot:4    | Lost mutation: Your flesh is heat resistant. (rF+) [potion
                  | of mutation]
 73156 | Zot:4    | Gained mutation: You are clumsy. (Dex -2) [potion of
                  | mutation]
 73254 | Zot:5    | Entered Level 5 of the Realm of Zot
 73708 | Zot:5    | Noticed an orb of fire
 73735 | Zot:5    | Killed an orb of fire
 73743 | Zot:5    | Noticed a dread lich
 73771 | Zot:5    | Killed a dread lich
 73772 | Zot:5    | Noticed a dread lich
 73772 | Zot:5    | Noticed an ancient lich
 73787 | Zot:5    | Killed an ancient lich
 73787 | Zot:5    | Received a gift from Okawaru
 73788 | Zot:5    | Paralysed by a dread lich for 6 turns
 73801 | Zot:5    | Killed a dread lich
 73939 | Zot:5    | Reached skill level 10 in Invocations
 73956 | Zot:5    | Received a gift from Okawaru
 74060 | Zot:5    | Noticed a dread lich
 74071 | Zot:5    | Killed a dread lich
 74072 | Zot:5    | Reached skill level 10 in Stealth
 74078 | Zot:5    | Received a gift from Okawaru
 74086 | Zot:5    | Noticed a dread lich
 74113 | Zot:5    | Killed a dread lich
 74114 | Zot:5    | Reached skill level 1 in Transmutations
 74117 | Zot:5    | Received a gift from Okawaru
 74123 | Zot:5    | Noticed an orb of fire
 74141 | Zot:5    | Gained mutation: You do not regenerate when monsters are
                  | visible. [an orb of fire]
 74144 | Zot:5    | Gained mutation: You are occasionally teleported next to
                  | monsters. [an orb of fire]
 74153 | Zot:5    | Killed an orb of fire
 74153 | Zot:5    | Received a gift from Okawaru
 74203 | Zot:5    | Received a gift from Okawaru
 74239 | Zot:5    | Noticed an orb of fire
 74256 | Zot:5    | Gained mutation: You are dopey. (Int -2) [an orb of fire]
 74273 | Zot:5    | Gained mutation: Armour fits poorly on your strangely
                  | shaped body. [an orb of fire]
 74277 | Zot:5    | Killed an orb of fire
 74370 | Zot:5    | Identified the +7 hunting sling of the King {venom, rElec
                  | rF- rC++ rCorr} (Okawaru gifted it to you on level 5 of the
                  | Realm of Zot)
 74370 | Zot:5    | Received a gift from Okawaru
 74392 | Zot:5    | Reached skill level 27 in Fighting
 74496 | Zot:5    | Lost mutation: You are clumsy. (Dex -2) [potion of
                  | mutation]
 74496 | Zot:5    | Lost mutation: Armour fits poorly on your strangely shaped
                  | body. [potion of mutation]
 74496 | Zot:5    | Lost mutation: Your movements are slightly less encumbered
                  | by armour. (ER -2) [potion of mutation]
 74496 | Zot:5    | Gained mutation: You have a somewhat thin skeletal
                  | structure. (Dex +2, Stealth+) [potion of mutation]
 74497 | Zot:5    | Lost mutation: You have a somewhat thin skeletal structure.
                  | (Dex +2, Stealth+) [potion of mutation]
 74497 | Zot:5    | Gained mutation: Your spells are a little harder to cast,
                  | but a little more powerful. [potion of mutation]
 74497 | Zot:5    | Gained mutation: You have supernaturally acute eyesight.
                  | (SInv) [potion of mutation]
 74497 | Zot:5    | Gained mutation: You are somewhat resistant to further
                  | mutation. [potion of mutation]
 74498 | Zot:5    | Lost mutation: Your spells are a little harder to cast, but
                  | a little more powerful. [potion of mutation]
 74498 | Zot:5    | Lost mutation: You do not regenerate when monsters are
                  | visible. [potion of mutation]
 74499 | Zot:5    | Lost mutation: You are occasionally teleported next to
                  | monsters. [potion of mutation]
 74499 | Zot:5    | Lost mutation: You are dopey. (Int -2) [potion of mutation]
 74499 | Zot:5    | Gained mutation: You are robust. (+10% HP) [potion of
                  | mutation]
 74499 | Zot:5    | Gained mutation: Your natural rate of healing is unusually
                  | fast. [potion of mutation]
 74499 | Zot:5    | Gained mutation: You are somewhat resistant to both further
                  | mutation and mutation removal. [potion of mutation]
 74513 | Zot:5    | Got the Orb of Zot
 74524 | Zot:5    | Noticed a seraph
 74549 | Zot:5    | Killed a seraph
 74933 | D:9      | Noticed Cytheoph the pandemonium lord
 74935 | D:9      | Noticed an ancient lich
 74955 | D:9      | Killed an ancient lich
 74955 | D:9      | Received a gift from Okawaru
 74960 | D:9      | Killed Cytheoph the pandemonium lord
 75269 | D:$      | Escaped with the Orb!

Illustrated notes

Levels and vault maps discovered:
D:1:      lightli_arrival_quake, layout_basic,
          shapermc_ecumenical_altar_mp_urbaneastern
D:2:      layout_basic, basic_altar, kennysheep_nub, kennysheep_jessica_study,
          uniq_jessica
D:3:      layout_loops_corners, zin_scriptorium, uniq_natasha, uniq_ijyb,
          uniq_sigmund
D:4:      cheibrodos_thug_alley, layout_cave_pods, minmay_door_square
D:5:      layout_rooms
D:6:      layout_loops_corners, minmay_temple_entry_glass
D:7:      layout_gridville, kennysheep_mini, serial_shops, kennysheep_little_box
D:8:      layout_basic, grunt_temple_overflow_lords_of_destruction,
          jmf_multi_god_temple, special_room [special_room_orc], uniq_maggie
D:9:      layout_roguey, david_orc_1_choice, uniq_gastronok, uniq_erolcha,
          uniq_prince_ribbit1, uniq_erica
D:10:     layout_basic, minmay_checkerbox
D:11:     layout_layer_cave, grunt_lair_entry_orc_guard_hut,
          gammafunk_ghost_abyssal_escape, nicolae_hepliaklqana_monster_ancestors
D:12:     layout_grid_maze, uniq_jorgrun
D:13:     kennysheep_kobold_lugonu_temple, layout_loops_ring,
          grunt_vaults_entry_fortified
D:14:     layout_roguey, enter_bailey_2, nicolae_vehumet_altar_sigil, uniq_agnes
D:15:     gammafunk_depths_entry_grave, layout_basic, special_room
          [special_room_mythical_zoo], grunt_decor_one_mirror,
          portal_ice_cave_entry_ice_statue_one, minmay_more_statues
Temple:   nicolae_temple_x_marks_the_god
Lair:1:   layout_cave_shapes, special_room [special_room_bee], uniq_harold
Lair:2:   layout_roguey, elwin_shoals_entry_rocks, serial_bayou_shore_a
Lair:3:   layout_cave_pods, guppyfry_snake_entry_island, serial_bayou_shore_b,
          grunt_megastairs_4
Lair:4:   layout_regular_city, basic_altar, fungi_pond_lemuel
Lair:5:   wander_river, layout_long_grid, slime_altar_1,
          gammafunk_lair_bear_cave
Lair:6:   minmay_lair_end_enchanted_forest, layout_gridlike
Shoals:1: layout_shoals, ebering_ghost_rock_garden, serial_shops,
          nicolae_take_the_stairs
Shoals:2: layout_shoals, gammafunk_ghost_split, uniq_ilsuiw
Shoals:3: layout_shoals, nicolae_shoals_goliath_grotto
Shoals:4: shoals_end_hellmonk_lost_city
Snake:1:  layout_gridlike
Snake:2:  layout_cave_pods, uniq_aizul, uniq_nikola, uniq_kirke, uniq_vashnia
Snake:3:  layout_rooms
Snake:4:  hellmonk_snake_rune_quicksilver_temple, layout_cave_town
Slime:1:  layout_caves, cheibrodos_slime_lost_civilization_6
Slime:2:  layout_caves
Slime:3:  layout_caves, cheibrodos_slime_lost_civilization_5
Slime:4:  layout_caves
Slime:5:  uniq_dissolution
Orc:1:    layout_diamond_mine, uniq_sonja
Orc:2:    st_orc_elflike, layout_diamond_mine
Elf:1:    eino_elf_arrival_shootout, layout_gridlike, minmay_elf_crystal_hexagon
Elf:2:    nicolae_elf_blades_splatter_lattice [mumra_blade_entry_bloodbath],
          layout_gridlike, guppyfry_elf_altar
Elf:3:    elf_hall, layout_loops_ring, roderic_roman_lattice
Vaults:1: nicolae_vaults_murderbox, vaults_room_large_hall,
          nicolae_vaults_hallways_thing, nicolae_vaults_network_square,
          hangedman_vaults_nails, hangedman_vaults_slice,
          hangedman_vaults_stretched_pinwheel, vaults_standard_mumra_x,
          v_misc_5, nicolae_vaults_specimen_jars,
          nicolae_vaults_twisting_passages, v_alt_pattern_1,
          ontoclasm_vaults_misaligned, nicolae_vaults_little_squares_5,
          grunt_vaults_bifocal, layout_vaults_omnibox
Vaults:2: minmay_crypt_entry_necro_gods, nicolae_vaults_network_star,
          ontoclasm_vaults_fault, v_misc_31, grunt_vaults_diagonal,
          vaults_room_ringed_pool, vaults_dpeg_doors, nicolae_vaults_theta,
          nicolae_vaults_little_squares_4, ontoclasm_vaults_decontamination,
          ontoclasm_vaults_gateway, layout_vaults_omnicross, serial_shops, shop,
          nicolae_lakefront_shop, shop, shop, nicolae_lakefront_shop
Vaults:3: nicolae_vaults_little_squares_2, v_misc_2, v_misc_24,
          ontoclasm_vaults_gallery, dpeg_vaults_monster_box,
          vaults_standard_mumra_enter_the_diamond, vaults_mumra_minichess,
          ontoclasm_vaults_chip, hangedman_vaults_slice,
          nicolae_vaults_little_squares_1, layout_vaults_omnigrid, serial_shops,
          nicolae_shop_trees, uniq_bai_suzhen
Vaults:4: v_misc_28, v_misc_13, st_spiral_rooms, ontoclasm_vaults_hangar,
          v_pattern_2, hangedman_vaults_stream, nicolae_vaults_asterisk,
          v_misc_30, hangedman_vaults_trim, nicolae_vaults_border_crossing,
          layout_vaults_ring, serial_shops, nicolae_shop_behind_doors
Vaults:5
Depths:1: layout_honeycomb, serial_bayou_lagoon_a, grunt_hell_entry_dis_old,
          rand_demon_pan_entry_7, tgw_lugonu_bribe, minmay_shoptagon
Depths:2: grunt_profane_halls [grunt_profane_temple_dis,
          grunt_profane_temple_coc, grunt_profane_temple_tar,
          grunt_profane_temple_geh, grunt_profane_loot], hell_entry
Depths:3: minmay_quantized_circle, layout_basic, pan_entry,
          serial_sigils_hangedman_shear, grunt_hell_horde, drop_trap,
          infiniplex_staircase_spiral
Depths:4: minmay_the_grid_triangle_9x9_recursive_2
          [minmay_the_grid_triangle_9x9_prize_center,
          minmay_the_grid_triangle_9x9_sparse_checkered,
          minmay_the_grid_triangle_9x9_empty,
          minmay_the_grid_triangle_9x9_thin_v], layout_basic, enter_ziggurat_f,
          pf_hell_entry_great_geh, hangedman_abyss_entry_splay, nrook_uturn,
          grunt_ministairs_9
Depths:5: grunt_zot_entry_bicorn, layout_cave_shapes,
          chequers_serial_rivers_micro_c, hell_entry, uniq_frederick
Zot:1:    layout_gridville
Zot:2:    nicolae_zot_draconian_monastery, layout_cathedral_of_symmetry
Zot:3:    grunt_twist_and_shout, layout_onion_interference
Zot:4:    hangedman_orp_of_zott, layout_gridville
Zot:5:    layout_basic

Skill      XL: |  1  2  3  4  5  6  7  8  9 10 11 12 13 14 15 16 17 18 19 20 21 22 23 24 25 26 27 |
---------------+----------------------------------------------------------------------------------+-----
Stealth        | 6 7 8 9 10 | 10.5
Armour         | 1 2 3 4 5 6 7 8 9 10 11 12 13 | 13.2
Dodging        | 2 3 4 5 6 7 8 9 10 12 | 12.1
Fighting       | 4 5 6 7 8 9 11 12 13 14 15 16 17 18 19 20 21 22 23 27 | 27.0
Maces & Flails | 3 4 5 6 7 8 10 11 12 13 14 15 16 18 | 18.4
Slings         | 2 4 6 7 8 9 11 12 13 14 15 16 18 | 18.2
Shields        | 1 3 5 7 9 10 12 13 14 15 16 17 18 19 20 21 24 | 24.4
Throwing       | 2 3 4 5 6 7 |  7.7
Evocations     | 1 2 3 4 5 |  5.5
Invocations    | 1 2 3 4 5 6 7 11 | 11.8
Spellcasting   | 1 2 3 4 5 7 8 9 12 | 12.0
Earth Magic    | 2 3 4 5 7 8 10 11 14 | 14.0
Translocations | 2 5 6 8 9 10 11 | 11.6
Conjurations   | 1 2 3 4 5 7 |  7.2
Transmutations | 1 |  1.1

Action                   |  1- 3 |  4- 6 |  7- 9 | 10-12 | 13-15 | 16-18 | 19-21 | 22-24 | 25-27 || total
-------------------------+-------+-------+-------+-------+-------+-------+-------+-------+-------++-------
Melee: Mace              |    36 |    17 |       |       |       |       |       |       |       ||    53
       Whip              |       |    25 |   241 |   396 |       |       |       |       |       ||   662
       Demon whip        |       |       |       |   184 |  1167 |  1593 |  1446 |  1181 |  2561 ||  8132
       Bite              |       |       |       |       |       |       |       |       |   162 ||   162
 Fire: Hunting sling     |       |    67 |   112 |   103 |   110 |       |       |       |       ||   392
       Fustibalus        |       |       |       |       |   499 |   728 |   322 |   602 |   930 ||  3081
Throw: Stone             |       |       |     1 |       |       |       |       |       |       ||     1
       Dart              |       |       |    36 |    93 |   100 |     7 |    19 |    15 |    21 ||   291
 Cast: Blink             |       |       |       |       |     1 |    10 |     5 |       |    14 ||    30
       Stone Arrow       |       |       |       |       |       |    47 |    93 |    52 |     9 ||   201
       Lee's Rapid Decon |       |       |       |       |       |       |     8 |    61 |    59 ||   128
       Passwall          |       |       |       |       |       |       |       |     1 |       ||     1
       Iron Shot         |       |       |       |       |       |       |       |       |    60 ||    60
       Apportation       |       |       |       |       |       |       |       |       |    13 ||    13
       Petrify           |       |       |       |       |       |       |       |       |     1 ||     1
Invok: Heroism           |       |       |       |     5 |     9 |    24 |    15 |    10 |    30 ||    93
       Finesse           |       |       |       |     2 |     4 |    18 |    11 |     7 |    26 ||    68
Evoke: Wand              |       |     1 |       |    35 |     8 |    86 |    14 |    12 |    20 ||   176
       Condenser vane    |       |       |       |       |     1 |     1 |     2 |     2 |     1 ||     7
       Tin of tremorston |       |       |       |       |       |       |     3 |     6 |     5 ||    14
  Use: Scroll            |       |       |    10 |     3 |     1 |     9 |     8 |    11 |    18 ||    60
       Potion            |       |       |     1 |     2 |     1 |     6 |     4 |     4 |    14 ||    32
 Stab: Sleeping          |       |       |       |     2 |     4 |     5 |     8 |     6 |    11 ||    36
       Distracted        |       |       |       |     1 |       |     1 |     1 |       |     1 ||     4
       Petrified         |       |       |       |       |     1 |       |     1 |       |     5 ||     7
       Confused          |       |       |       |       |       |       |       |     1 |     1 ||     2
       Petrifying        |       |       |       |       |       |       |       |       |     2 ||     2
Armor: Leather armour    |     3 |       |       |       |       |       |       |       |       ||     3
       Scale mail        |    23 |    39 |    22 |   195 |   345 |   341 |   225 |   272 |   278 ||  1740
       Plate armour      |       |       |    74 |       |       |       |       |       |       ||    74
       Ring mail         |       |       |       |       |       |       |       |       |   395 ||   395
Dodge: Dodged            |    30 |    26 |    31 |   140 |   323 |   375 |   247 |   199 |   592 ||  1963
Block: Kite shield       |       |       |   148 |   460 |   908 |  1070 |   980 |   832 |  2000 ||  6398
       Reflection        |       |       |       |    10 |     7 |   127 |   115 |    59 |    56 ||   374
